TOP OF THE 1ST |
---|
Vancouver Vipers batting - Pitching for Gresham Gold Souls : RHP Ron Moore | Pitching: RHP Ron Moore | | Batting: RHB Bob Magee | 0-0: Ball 1-0: Foul Ball, location: 2F 1-1: Foul Ball, location: 2F 1-2: Strikes out swinging | Batting: RHB Jesús Lara | 0-0: Called Strike 0-1: Ball 1-1: Ball 2-1: Foul Ball, location: 2F 2-2: Ball 3-2: Foul Ball, location: 2F 3-2: Base on Balls | Batting: LHB Stan Bates | 0-0: Called Strike Jesús Lara steals 2nd base 0-1: Ball 1-1: Ball 2-1: Ball 3-1: Foul Ball, location: 2F 3-2: Base on Balls | Batting: LHB Collin Smith | 0-0: Called Strike 0-1: Swinging Strike 0-2: Fly out, F9 (Flyball, 89XD) Runner from 2nd tags up, SAFE at 3rd, no throw | Batting: RHB Marvin Workman | 0-0: Ball 1-0: Ball 2-0: Foul Ball, location: 2F 2-1: Ground out 4-3 (Groundball, 34) | Top of the 1st over - 0 runs, 0 hits, 0 errors, 2 left on base; Vancouver 0 - Gresham 0 | BOTTOM OF THE 1ST |
---|
Gresham Gold Souls batting - Pitching for Vancouver Vipers : RHP Luis Vargas | Pitching: RHP Luis Vargas | | Batting: LHB Alberto Varela | 0-0: Foul Ball, location: 2F 0-1: Swinging Strike 0-2: SINGLE (Groundball, 23) (infield hit) | Batting: LHB Bill Murphy | 0-0: Ball 1-0: Called Strike 1-1: Ball 2-1: Called Strike 2-2: Foul Ball, location: 2F 2-2: Fly out, F8 (Flyball, 8LM) | Batting: LHB Troy Donaldson | 0-0: Called Strike 0-1: Ball Alberto Varela steals 2nd base 1-1: Ball 2-1: Called Strike 2-2: Foul Ball, location: 2F 2-2: Fly out, F7 (Flyball, 7LSF) | Batting: LHB Bill Smith | 0-0: Called Strike 0-1: Ball 1-1: Ball 2-1: Ground out 4-3 (Groundball, 4) | Bottom of the 1st over - 0 runs, 1 hit, 0 errors, 1 left on base; Vancouver 0 - Gresham 0 | TOP OF THE 2ND |
---|
Vancouver Vipers batting - Pitching for Gresham Gold Souls : RHP Ron Moore | Batting: RHB Walton Smith | 0-0: Foul Ball, location: 2F 0-1: Ball 1-1: Ball 2-1: Swinging Strike 2-2: SINGLE (Flyball, 9LS) | Batting: LHB Jorge Martínez | 0-0: Ball 1-0: Foul Ball, location: 2F 1-1: Ball 2-1: Ball 3-1: Called Strike 3-2: SINGLE (Groundball, 4D) Walton Smith to second Runner from 2nd tries for 3rd, SAFE, throw made to third | Batting: RHB Quincy Vance | 0-0: Ball 1-0: Ball Jorge Martínez steals 2nd base 2-0: Foul Ball, location: 2F 2-1: Ball 3-1: Ground out U3 (Groundball, 34S) Walton Smith scores Jorge Martínez to third | Batting: RHB Clarence Harrison | 0-0: Called Strike 0-1: Ball 1-1: Ball 2-1: SINGLE (Groundball, 6MD) Jorge Martínez scores | Batting: RHB Bob Magee | 0-0: Swinging Strike 0-1: Swinging Strike 0-2: Ball 1-2: Strikes out swinging | Batting: RHB Jesús Lara | 0-0: Ball 1-0: Ball Clarence Harrison steals 2nd base 2-0: Ball 3-0: Called Strike 3-1: Foul Ball, location: 2F 3-2: Base on Balls | Batting: LHB Stan Bates | 0-0: SINGLE (Line Drive, 56D) Clarence Harrison to third Jesús Lara to second Runner from 3rd tries for Home, SAFE, no throw | Batting: LHB Collin Smith | 0-0: Swinging Strike 0-1: Ball 1-1: Ball 2-1: Fly out, F8 (Flyball, 8LM) | Top of the 2nd over - 3 runs, 4 hits, 0 errors, 2 left on base; Vancouver 3 - Gresham 0 | BOTTOM OF THE 2ND |
---|
Gresham Gold Souls batting - Pitching for Vancouver Vipers : RHP Luis Vargas | Batting: RHB Alberto Chávez | 0-0: Called Strike 0-1: Ball 1-1: Ball 2-1: DOUBLE (Line Drive, 7LS) | Batting: SHB Todd Smith | 0-0: Ground out 6-3 (Groundball, 6S) Alberto Chávez to third | Batting: RHB Jaime Rodríguez | 0-0: Ball 1-0: Fly out, F7 (Flyball, 7S) Runner from 3rd tags up, OUT at HOME | Bottom of the 2nd over - 0 runs, 1 hit, 0 errors, 0 left on base; Vancouver 3 - Gresham 0 | TOP OF THE 3RD |
---|
Vancouver Vipers batting - Pitching for Gresham Gold Souls : RHP Ron Moore | Batting: RHB Marvin Workman | 0-0: Ball 1-0: Swinging Strike 1-1: Ball 2-1: Ball 3-1: Swinging Strike 3-2: Base on Balls | Batting: RHB Walton Smith | 0-0: Called Strike 0-1: Called Strike 0-2: Ball 1-2: Ball 2-2: Strikes out swinging | Batting: LHB Jorge Martínez | 0-0: Fielders Choice at 2nd, 4-6 (Groundball, 4) | Batting: RHB Quincy Vance | 0-0: Ball 1-0: Ball 2-0: Called Strike 2-1: Called Strike Jorge Martínez steals 2nd base 2-2: Ball 3-2: SINGLE (Groundball, 6MD) Jorge Martínez to third Jorge Martínez scores | Batting: RHB Clarence Harrison | 0-0: Ball 1-0: Ball 2-0: Ground out 4-3 (Groundball, 34) | Top of the 3rd over - 1 run, 1 hit, 0 errors, 1 left on base; Vancouver 4 - Gresham 0 | BOTTOM OF THE 3RD |
---|
Gresham Gold Souls batting - Pitching for Vancouver Vipers : RHP Luis Vargas | Batting: RHB Augusto Baiano | 0-0: Fly out, F9 (Flyball, 89S) | Batting: RHB Adam Thomas | 0-0: Ball 1-0: Ball 2-0: Ball 3-0: Fly out, F8 (Flyball, 8LM) | Batting: LHB Alberto Varela | 0-0: Ball 1-0: Called Strike 1-1: Swinging Strike 1-2: Strikes out looking | Bottom of the 3rd over - 0 runs, 0 hits, 0 errors, 0 left on base; Vancouver 4 - Gresham 0 | TOP OF THE 4TH |
---|
Vancouver Vipers batting - Pitching for Gresham Gold Souls : RHP Ron Moore | Batting: RHB Bob Magee | 0-0: Swinging Strike 0-1: Ball 1-1: Ball 2-1: Called Strike 2-2: Strikes out swinging | Batting: RHB Jesús Lara | 0-0: Called Strike 0-1: Ground out 6-3 (Groundball, 6) | Batting: LHB Stan Bates | 0-0: Fly out, F6 (Flyball, 6MD) | Top of the 4th over - 0 runs, 0 hits, 0 errors, 0 left on base; Vancouver 4 - Gresham 0 | BOTTOM OF THE 4TH |
---|
Gresham Gold Souls batting - Pitching for Vancouver Vipers : RHP Luis Vargas | Batting: LHB Bill Murphy | 0-0: Foul Ball, location: 2F 0-1: Ball 1-1: Swinging Strike 1-2: SINGLE (Line Drive, 78M) | Batting: LHB Troy Donaldson | 0-0: Ball 1-0: Ball 2-0: 2-RUN HOME RUN (Flyball, 9LD), Distance : 350 ft | Batting: LHB Bill Smith | 0-0: Ball 1-0: SINGLE (Line Drive, 4MD) | Batting: RHB Alberto Chávez | 0-0: Ball 1-0: Foul Ball, location: 2F 1-1: Foul Ball, location: 2F 1-2: SINGLE (Groundball, 56S) (infield hit) Bill Smith to second | Batting: SHB Todd Smith | 0-0: SINGLE (Groundball, 34D) Bill Smith to third Alberto Chávez to second | Batting: RHB Jaime Rodríguez | 0-0: Called Strike 0-1: Ball 1-1: Ball 2-1: Foul Ball, location: 2F 2-2: Foul Ball, location: 2F 2-2: Ball 3-2: Foul Ball, location: 2F 3-2: Foul Ball, location: 2F 3-2: Foul Ball, location: 2F 3-2: Foul Ball, location: 2F 3-2: SINGLE (Groundball, 5S) (infield hit) Bill Smith scores Alberto Chávez to third Todd Smith to second | Batting: RHB Augusto Baiano | 0-0: Ball 1-0: Fly out, F8 (Flyball, 8LD) Runner from 3rd tags up, OUT at HOME Todd Smith to third Jaime Rodríguez to second | Batting: RHB Adam Thomas | 0-0: Called Strike 0-1: Foul Ball, location: 2F 0-2: SINGLE (Line Drive, 34D) Todd Smith scores Jaime Rodríguez to third Runner from 3rd tries for Home, SAFE, throw made home | Batting: LHB Alberto Varela | 0-0: Foul Ball, location: 2F 0-1: Swinging Strike 0-2: Ball 1-2: Ball 2-2: Ball 3-2: DOUBLE (Line Drive, 78D) Adam Thomas to third Adam Thomas scores | Pitching: RHP José González | | Batting: LHB Bill Murphy | 0-0: Ball 1-0: Ball 2-0: Ball 3-0: Base on Balls | Batting: LHB Troy Donaldson | 0-0: Ball 1-0: Foul Ball, location: 2F 1-1: Ball 2-1: Foul Ball, location: 2F 2-2: SINGLE (Groundball, 34D) Alberto Varela to third Bill Murphy to second Runner from 3rd tries for Home, SAFE, no throw | Batting: LHB Bill Smith | 0-0: Ball 1-0: Ball 2-0: Foul Ball, location: 2F 2-1: DOUBLE (Flyball, 8LXD) Bill Murphy scores Troy Donaldson to third Runner from 3rd tries for Home, SAFE, no throw | Batting: RHB Alberto Chávez | 0-0: Foul Ball, location: 2F 0-1: Ball 1-1: SINGLE (Groundball, 6D) Bill Smith to third Runner from 3rd tries for Home, SAFE, no throw | Pitching: RHP Sergio Chávez | | Batting: SHB Todd Smith | 0-0: Ball 1-0: Ball 2-0: Fly out, F8 (Flyball, 8LS) | Bottom of the 4th over - 10 runs, 11 hits, 0 errors, 1 left on base; Vancouver 4 - Gresham 10 | TOP OF THE 5TH |
---|
Vancouver Vipers batting - Pitching for Gresham Gold Souls : RHP Ron Moore | Batting: LHB Collin Smith | 0-0: Ground out 4-3 (Groundball, 34) | Batting: RHB Marvin Workman | 0-0: Ball 1-0: Called Strike 1-1: Ball 2-1: Ground out 5-3 (Groundball, 56) | Batting: RHB Walton Smith | 0-0: Called Strike 0-1: Ball 1-1: Ball 2-1: Foul Ball, location: 2F 2-2: Foul Ball, location: 2F 2-2: SINGLE (Groundball, 6D) | Batting: LHB Jorge Martínez | 0-0: Called Strike 0-1: DOUBLE (Line Drive, 8RXD) Walton Smith to third | Batting: RHB Quincy Vance | 0-0: Ball 1-0: Called Strike 1-1: Ball 2-1: Ball 3-1: Foul Ball, location: 2F 3-2: Strikes out looking | Top of the 5th over - 0 runs, 2 hits, 0 errors, 2 left on base; Vancouver 4 - Gresham 10 | BOTTOM OF THE 5TH |
---|
Gresham Gold Souls batting - Pitching for Vancouver Vipers : RHP Sergio Chávez | Batting: RHB Jaime Rodríguez | 0-0: Ball 1-0: SOLO HOME RUN (Flyball, 7LD), Distance : 341 ft | Batting: RHB Augusto Baiano | 0-0: Ground out 6-3 (Groundball, 6) | Batting: RHB Adam Thomas | 0-0: Ball 1-0: Called Strike 1-1: SINGLE (Line Drive, 56D) | Batting: LHB Alberto Varela | 0-0: Foul Ball, location: 2F 0-1: Ball 1-1: Ball 2-1: Ball 3-1: Foul Ball, location: 2F 3-2: Base on Balls Adam Thomas to second | Batting: LHB Bill Murphy | 0-0: Ball 1-0: Called Strike 1-1: Swinging Strike 1-2: Ball 2-2: Fly out, F3 (Line Drive, 3) Lined into DP, U3 (Line Drive, 3) | Bottom of the 5th over - 1 run, 2 hits, 0 errors, 1 left on base; Vancouver 4 - Gresham 11 | TOP OF THE 6TH |
---|
Vancouver Vipers batting - Pitching for Gresham Gold Souls : RHP Ron Moore | Batting: RHB Clarence Harrison | 0-0: Ball 1-0: Ball 2-0: Ball 3-0: Base on Balls | Pitching: RHP Jamal Clayton | | Batting: RHB Bob Magee | 0-0: Ball 1-0: Ball Clarence Harrison steals 2nd base 2-0: Ball 3-0: Called Strike 3-1: Called Strike 3-2: Foul Ball, location: 2F 3-2: Base on Balls | Batting: RHB Jesús Lara | 0-0: Ball 1-0: Foul Ball, location: 2F 1-1: Called Strike Bob Magee steals 2nd base Clarence Harrison to third 1-2: Strikes out swinging | Batting: LHB Stan Bates | 0-0: Foul Ball, location: 2F 0-1: Foul Ball, location: 2F 0-2: Ground out 6-3 (Groundball, 6) Clarence Harrison scores | Batting: LHB Collin Smith | 0-0: Foul Ball, location: 2F 0-1: Called Strike 0-2: Ball 1-2: Foul Ball, location: 2F 1-2: Ball 2-2: Ball 3-2: Foul Ball, location: 2F 3-2: Foul Ball, location: 2F 3-2: Foul Ball, location: 2F 3-2: Foul Ball, location: 2F 3-2: Fly out, F5 (Popup, 5SF) | Top of the 6th over - 1 run, 0 hits, 0 errors, 1 left on base; Vancouver 5 - Gresham 11 | BOTTOM OF THE 6TH |
---|
Gresham Gold Souls batting - Pitching for Vancouver Vipers : RHP Sergio Chávez | Batting: LHB Troy Donaldson | 0-0: Foul Ball, location: 2F 0-1: Ball 1-1: Foul Ball, location: 2F 1-2: Foul Ball, location: 2F 1-2: Foul Ball, location: 2F 1-2: Ball 2-2: Ball 3-2: SOLO HOME RUN (Flyball, 9LD), Distance : 370 ft | Batting: LHB Bill Smith | 0-0: SOLO HOME RUN (Flyball, 9LD), Distance : 365 ft | Batting: RHB Alberto Chávez | 0-0: Ball 1-0: Ball 2-0: Called Strike 2-1: Called Strike 2-2: Strikes out swinging | Batting: SHB Todd Smith | 0-0: Ball 1-0: Called Strike 1-1: DOUBLE (Groundball, 5L) | Batting: RHB Jaime Rodríguez | 0-0: Called Strike 0-1: SINGLE (Flyball, 78M) Todd Smith to third | Batting: RHB Augusto Baiano | 0-0: Foul Ball, location: 2F 0-1: Fly out, F8 (Flyball, 8RS) Runner from 3rd tags up, OUT at HOME | Bottom of the 6th over - 2 runs, 4 hits, 0 errors, 1 left on base; Vancouver 5 - Gresham 13 | TOP OF THE 7TH |
---|
Vancouver Vipers batting - Pitching for Gresham Gold Souls : RHP Jamal Clayton | Batting: RHB Marvin Workman | 0-0: SINGLE (Line Drive, 6D) | Batting: RHB Walton Smith | 0-0: Foul Ball, location: 2F 0-1: Swinging Strike 0-2: Foul Ball, location: 2F 0-2: SINGLE (Groundball, 56D) Marvin Workman to second | Batting: LHB Jorge Martínez | 0-0: Called Strike 0-1: Fielders Choice at 2nd, 1-6 (Groundball, 13S) Marvin Workman to third | Batting: RHB Quincy Vance | 0-0: Ball Throwing error on steal attempt, E2 Marvin Workman scores Jorge Martínez to third 1-0: Swinging Strike 1-1: Foul Ball, location: 2F 1-2: Fly out, F7 (Line Drive, 78D) Runner from 3rd tags up, SCORES, no throw | Batting: RHB Clarence Harrison | 0-0: Fly out, F9 (Flyball, 9LMF) | Top of the 7th over - 2 runs, 2 hits, 1 error, 0 left on base; Vancouver 7 - Gresham 13 | BOTTOM OF THE 7TH |
---|
Gresham Gold Souls batting - Pitching for Vancouver Vipers : RHP Sergio Chávez | Batting: RHB Adam Thomas | 0-0: Ball 1-0: DOUBLE (Groundball, 5L) | Batting: LHB Alberto Varela | 0-0: Called Strike 0-1: SINGLE (Groundball, 3D) Adam Thomas to third | Pitching: RHP Pedro Santiago | | Batting: LHB Bill Murphy | 0-0: Ball Alberto Varela steals 2nd base 1-0: Ball 2-0: Ball 3-0: Base on Balls | Batting: LHB Troy Donaldson | 0-0: Foul Ball, location: 2F 0-1: Swinging Strike 0-2: SINGLE (Line Drive, 3) Adam Thomas scores Alberto Varela to third Bill Murphy to second | Batting: LHB Bill Smith | 0-0: Ball 1-0: Fly out, F9 (Flyball, 9) Runner from 3rd tags up, SCORES, no throw | Batting: RHB Alberto Chávez | 0-0: Ball Wild Pitch! Bill Murphy to third Troy Donaldson to second 1-0: Called Strike 1-1: DOUBLE (Line Drive, 89XD) Bill Murphy scores Troy Donaldson scores | Batting: SHB Todd Smith | 0-0: Ball 1-0: Called Strike 1-1: Swinging Strike 1-2: Foul Ball, location: 2F 1-2: Foul Ball, location: 2F 1-2: Ball 2-2: Ball 3-2: Strikes out swinging | Batting: RHB Jaime Rodríguez | 0-0: Ball 1-0: Foul Ball, location: 2F 1-1: Foul Ball, location: 2F 1-2: Foul Ball, location: 2F 1-2: Ball 2-2: Ball 3-2: Strikes out swinging | Bottom of the 7th over - 4 runs, 4 hits, 0 errors, 1 left on base; Vancouver 7 - Gresham 17 | TOP OF THE 8TH |
---|
Vancouver Vipers batting - Pitching for Gresham Gold Souls : RHP Jamal Clayton | Batting: RHB Bob Magee | 0-0: Ball 1-0: Ball 2-0: Called Strike 2-1: Foul Ball, location: 2F 2-2: Ball 3-2: Foul Ball, location: 2F 3-2: Fly out, F8 (Flyball, 89M) | Batting: RHB Jesús Lara | 0-0: Foul Ball, location: 2F 0-1: Called Strike 0-2: Ball 1-2: Strikes out swinging | Batting: LHB Stan Bates | 0-0: Ball 1-0: Foul Ball, location: 2F 1-1: Foul Ball, location: 2F 1-2: Foul Ball, location: 2F 1-2: Fly out, F6 (Popup, 6D) | Top of the 8th over - 0 runs, 0 hits, 0 errors, 0 left on base; Vancouver 7 - Gresham 17 | BOTTOM OF THE 8TH |
---|
Gresham Gold Souls batting - Pitching for Vancouver Vipers : RHP Pedro Santiago | Batting: RHB Augusto Baiano | 0-0: Foul Ball, location: 2F 0-1: Called Strike 0-2: Ground out 3-1 (Groundball, 34) | Batting: RHB Adam Thomas | 0-0: Ball 1-0: Foul Ball, location: 2F 1-1: Ground out 6-3 (Groundball, 56D) | Batting: LHB Alberto Varela | 0-0: Called Strike 0-1: TRIPLE (Flyball, 89XD) | Batting: LHB Bill Murphy | 0-0: Ball 1-0: Ground out 3-1 (Groundball, 34) | Bottom of the 8th over - 0 runs, 1 hit, 0 errors, 1 left on base; Vancouver 7 - Gresham 17 | TOP OF THE 9TH |
---|
Vancouver Vipers batting - Pitching for Gresham Gold Souls : RHP Jamal Clayton | Now in CF: Gustavo Pagán | | Batting: LHB Collin Smith | 0-0: DOUBLE (Line Drive, 9LM) | Batting: RHB Marvin Workman | 0-0: Fly out, F5 (Line Drive, 5) | Batting: RHB Walton Smith | 0-0: Ball 1-0: Called Strike 1-1: Called Strike 1-2: Reached on error, E5 (Groundball, 56S) Collin Smith to third | Batting: LHB Jorge Martínez | 0-0: Fly out, F4 (Line Drive, 4) | Batting: RHB Quincy Vance | 0-0: Swinging Strike 0-1: SINGLE (Groundball, 6MD) Collin Smith scores Walton Smith to second | Batting: RHB Clarence Harrison | 0-0: Foul Ball, location: 2F 0-1: Ball 1-1: Foul Ball, location: 2F 1-2: Ball 2-2: Ball 3-2: Base on Balls Walton Smith to third Quincy Vance to second | Pinch Hitting: RHB Ramón Molina | 0-0: Ground out 4-3 (Groundball, 4) | Top of the 9th over - 1 run, 2 hits, 1 error, 3 left on base; Vancouver 8 - Gresham 17 | |